Map: Cactus Valley LE (Void)

Players

Batman

  • Race: Zerg Zerg

Javert - Winner!

  • Race: Zerg Zerg

VOD

Have the link to the VOD?

Description

Time

  • Played on: May 1, 2015, 6:37 p.m.
  • Length: 17:28
Show
View Real Time Build Order
Export as new Build Order

Batman Zerg 

Build Orders: Hatch First 

Get SALT Encoding   

  12  0:08  Overlord  
  12  0:16  Drone  
  12  0:17  Drone  
  14  0:26  Drone  
  15  0:30  Drone  
  16  0:41  Drone  
  17  0:53  Drone  
  18  1:02  Hatchery  
  17  1:05  Drone  
  18  1:12  Spawning Pool  
  18  1:16  Drone  
  18  1:19  Extractor  
  18  1:25  Drone  
  18  1:35  Drone  
  19  1:45  Overlord  
  19  2:00  Drone  
  20  2:02  Queen  
  20  2:06  Zergling x2  
  23  2:14  Drone, Queen  
  26  2:17  Drone  
  26  2:22  Metabolic Boost  
  27  2:25  Drone  
  27  2:29  Drone  
  29  2:36  Drone  
  30  2:39  Baneling Nest  
  30  2:40  Zergling x2  
  30  2:46  Overlord  
  30  2:49  Drone  
  31  2:57  Drone  
  32  3:03  Drone  
  33  3:18  Drone x4  
  33  3:19  Overlord  
  37  3:20  Drone x2  
  37  3:23  Extractor  
  37  3:24  Lair, Extractor  
  37  3:25  Drone x2, Extractor  
  38  3:29  Drone  
  38  3:30  Drone  
  38  3:32  Spine Crawler  
  39  3:38  Drone x2  
  41  3:42  Drone  
  41  3:48  Drone x4  
  46  3:55  Drone x3  
  48  4:11  Drone x2  
  48  4:15  Drone  
  51  4:24  Hatchery  
  51  4:25  Spire  
  51  4:31  Drone  
  50  4:34  Overlord x2  
  50  4:40  Zergling x4  
  52  4:45  Overlord  
  52  4:47  Overseer  
  52  4:49  Overseer  
  52  4:53  Overlord  
  52  4:54  Zergling x12  
  58  5:00  Zergling x2  
  58  5:01  Zergling x4  
  58  5:05  Zergling x2  
  58  5:06  Zergling x6  
  65  5:11  Zergling x2  
  64  5:16  Zergling x2  
  64  5:18  Spine Crawler  
  64  5:19  Spine Crawler  
  63  5:25  Zergling x10  
  68  5:28  Zergling x2  
  68  5:34  Zergling x10  
  74  5:39  Mutalisk  
  67  5:45  Mutalisk x2  
  58  5:50  Mutalisk  
  58  5:52  Mutalisk  
  47  5:57  Mutalisk  
  47  6:03  Mutalisk  
  27  6:27  Mutalisk  
  24  6:57  Mutalisk  
  26  7:04  Drone  
  26  7:07  Drone  
  28  7:14  Drone  
  29  7:21  Drone  
  31  7:30  Drone  
  31  7:32  Drone  
  33  7:37  Drone  
  33  7:41  Drone  
  34  7:45  Drone  
  34  7:49  Drone  
  36  7:54  Drone  
  36  7:57  Drone  
  38  8:00  Drone  
  38  8:03  Drone  
  40  8:06  Drone  
  40  8:09  Drone  
  42  8:13  Overlord  
  42  8:18  Drone x2  
  42  8:19  Drone  
  45  8:21  Drone  
  45  8:23  Drone  
  45  8:29  Drone x2  
  45  8:32  Overseer  
  45  8:33  Drone  
  48  8:37  Drone  
  48  8:38  Drone  
  51  8:41  Drone x2  
  51  8:44  Mutalisk  
  51  8:48  Mutalisk  
  56  8:59  Drone  
  56  9:01  Drone x2  
  56  9:02  Drone x2  
  61  9:13  Mutalisk  
  61  9:14  Mutalisk x2  
  60  9:39  Mutalisk x2  
  53  9:53  Hatchery  
  53  9:56  Mutalisk  
  54  10:10  Zergling x12  
  60  10:19  Extractor x2  
  58  10:28  Drone  
  58  10:35  Drone x3  
  56  10:49  Drone x2  
  58  10:54  Drone  
  58  10:55  Drone  
  60  10:59  Pneumatized Carapace  
  60  11:06  Drone  
  57  11:16  Drone x2  
  57  11:17  Drone, Queen  
  62  11:25  Zergling x4  
  64  11:34  Zergling x4  
  66  11:51  Overlord x2  
  62  11:56  Overlord  
  62  12:00  Drone x3  
  62  12:01  Drone  
  66  12:07  Overlord  
  66  12:26  Zergling x14  
  73  12:32  Baneling Nest  
Show
View Real Time Build Order
Export as new Build Order

Javert Zerg - Winner!

Build Orders: Hatch First 

Get SALT Encoding   

  12  0:03  Drone  
  13  0:13  Overlord  
  13  0:20  Drone  
  14  0:33  Drone x2  
  16  0:37  Drone  
  17  0:55  Hatchery  
  16  0:58  Drone  
  16  1:02  Extractor  
  16  1:15  Spawning Pool  
  16  1:17  Drone  
  16  1:19  Drone  
  16  1:24  Drone  
  18  1:30  Drone  
  19  1:40  Drone  
  20  1:53  Drone  
  21  2:06  Queen x2  
  21  2:08  Metabolic Boost  
  25  2:11  Overlord  
  25  2:18  Zergling x6  
  28  2:31  Drone  
  28  2:33  Drone  
  30  2:39  Overlord  
  30  2:48  Drone x2  
  32  2:58  Drone x2  
  34  3:04  Drone  
  35  3:20  Drone  
  35  3:21  Drone x7, Roach Warren  
  35  3:22  Drone x2  
  44  3:33  Overlord x2  
  43  3:43  Drone, Overlord  
  43  3:50  Overlord x3  
  43  3:51  Extractor  
  41  4:04  Overlord  
  41  4:06  Roach x5  
  41  4:09  Roach  
  53  4:16  Extractor  
  52  4:17  Roach  
  54  4:26  Roach  
  54  4:27  Roach x3  
  62  4:34  Roach  
  62  4:35  Roach  
  66  4:42  Zergling x4  
  68  4:47  Ravager  
  68  4:50  Zergling x4  
  68  4:51  Zergling x12  
  77  5:02  Ravager  
  77  5:05  Zergling x8  
  82  5:16  Ravager  
  72  5:43  Roach x5  
  72  5:44  Roach x5  
  88  5:58  Lair  
  87  6:16  Spore Crawler  
  87  6:17  Spore Crawler  
  82  6:18  Spore Crawler  
  82  6:19  Spore Crawler x2, Drone  
  82  6:20  Drone x5, Spore Crawler  
  76  6:37  Roach x8  
  82  6:51  Roach x2  
  84  6:56  Overlord x2, Extractor  
  84  6:59  Glial Reconstitution  
  75  7:06  Roach x2  
  71  7:09  Queen x2  
  71  7:27  Overlord x4  
  67  7:37  Drone x7  
  74  7:45  Roach  
  74  7:46  Burrow  
  76  7:56  Roach x2  
  80  8:03  Hydralisk Den  
  79  8:13  Roach  
  79  8:14  Roach x9  
  99  8:20  Overlord x2  
  99  8:26  Spore Crawler  
  98  8:36  Hydralisk x2  
  102  8:42  Muscular Augments  
  102  8:43  Hydralisk x2  
  106  8:51  Roach x25  
  106  8:53  Queen  
  108  8:57  Drone x3  
  111  9:02  Hydralisk  
  111  9:03  Hydralisk  
  115  9:13  Hydralisk x2  
  107  9:34  Hatchery  
  90  9:46  Hydralisk x5  
  90  9:47  Hydralisk  
  94  9:58  Hydralisk x2  
  94  9:59  Hydralisk x3  
  96  10:13  Roach x2  
  92  10:26  Hydralisk x5  
  92  10:27  Hydralisk x2  
  82  10:45  Roach x6  
  94  10:57  Zergling x6  
  91  10:59  Roach x2  
  83  11:13  Hydralisk x5  
  83  11:14  Hydralisk  
  95  11:33  Roach x2  
  95  11:34  Roach x4  
  103  11:58  Hydralisk x3  
  109  12:04  Spore Crawler  
  108  12:15  Spore Crawler  
  107  12:21  Hydralisk x4  
Tags
 
Add a new tag
Caveats
  • Supply blocks, unpowered buildings, or Contaminate may cause inaccurate times.
  • Supply counts are checked every 10 seconds.